Map: Orbital Shipyard

Players

LilDicky - Winner!

  • Race: Zerg Zerg
  • League: Diamond

DansGame

  • Race: Zerg Zerg
  • League: Gold

VOD

http://www.twitch.tv/tumescentpie

Description

Time

  • Played on: Nov. 27, 2015, 7:21 p.m.
  • Length: 18:15
Show
View Real Time Build Order
Export as new Build Order

LilDicky Zerg - Winner!

Build Orders: Pool First 

Get SALT Encoding   

  12  0:01  Drone  
  13  0:14  Drone  
  13  0:20  Drone, Extractor  
  14  0:27  Extractor  
  14  0:28  Drone, Extractor  
  16  0:37  Overlord  
  16  0:46  Spawning Pool  
  15  1:09  Hatchery, Drone  
  15  1:13  Drone  
  15  1:17  Drone  
  17  1:33  Queen  
  17  1:36  Extractor  
  17  1:37  Drone x2  
  20  1:44  Overlord  
  20  1:55  Drone  
  21  2:06  Drone  
  22  2:12  Queen  
  24  2:26  Queen  
  24  2:28  Drone x3  
  29  2:39  Metabolic Boost  
  29  3:19  Roach Warren  
  28  3:21  Extractor  
  28  3:22  Drone x9  
  36  3:40  Overlord x2  
  36  4:04  Hatchery  
  36  4:05  Drone  
  36  4:06  Drone x8  
  44  4:19  Lair  
  44  4:20  Queen  
  46  4:25  Extractor  
  46  4:27  Extractor  
  44  5:23  Drone  
  44  5:24  Drone x13  
  58  5:33  Overseer  
  58  5:47  Spine Crawler  
  58  5:48  Spine Crawler  
  56  5:50  Spine Crawler  
  56  5:56  Roach  
  57  5:57  Overlord, Roach, Extractor  
  57  5:58  Overlord x2, Extractor  
  57  6:06  Tunneling Claws  
  57  6:09  Burrow  
  57  6:19  Spore Crawler x2  
  57  6:21  Spore Crawler  
  57  6:22  Spore Crawler x2  
  57  6:24  Spore Crawler  
  57  6:25  Spore Crawler x2  
  50  6:27  Spore Crawler  
  40  6:42  Hydralisk Den  
  39  6:52  Spore Crawler  
  39  6:53  Spore Crawler  
  37  7:18  Queen  
  37  7:19  Queen  
  39  7:28  Hydralisk x9  
  39  7:29  Hydralisk x8  
  73  7:41  Muscular Augments  
  69  8:03  Roach  
  69  8:04  Roach  
  69  8:05  Drone  
  74  8:06  Overlord x2  
  74  8:39  Hydralisk x7  
  70  9:01  Roach  
  70  9:02  Roach x9  
  74  9:08  Roach  
  74  9:09  Roach x2  
  66  9:20  Roach  
  66  9:21  Hydralisk  
  66  9:22  Hydralisk x2  
  74  9:28  Overlord  
  72  9:40  Hydralisk  
  72  9:41  Hydralisk  
  74  9:54  Lurker Den  
  74  10:01  Hydralisk  
  74  10:02  Hydralisk x2  
  74  10:06  Overlord  
  72  10:28  Drone x4  
  72  10:46  Spore Crawler  
  72  10:47  Drone  
  72  10:48  Drone x8  
  80  10:57  Hydralisk  
  72  11:11  Spore Crawler  
  72  11:12  Spore Crawler  
  70  11:18  Drone  
  70  11:19  Drone x8  
  70  11:23  Queen  
  78  11:49  Hydralisk  
  78  11:50  Hydralisk  
  82  11:56  Overlord x2  
  82  12:00  Hydralisk Den  
  81  12:13  Queen  
  77  12:35  Hydralisk  
  77  12:36  Hydralisk x9  
  83  12:39  Overlord x3  
  83  12:40  Overlord  
  83  12:42  Lurker Den  
  97  12:56  Queen  
  97  12:58  Hydralisk  
  99  13:00  Hydralisk  
  99  13:01  Hydralisk x4  
  99  13:02  Ravager  
  99  13:04  Ravager  
  89  13:47  Hydralisk  
  89  13:48  Hydralisk x12  
  97  14:01  Hydralisk  
  97  14:02  Hydralisk x3  
  102  14:04  Drone x2  
  104  14:24  Drone  
  104  14:25  Drone x6  
  109  14:46  Zergling x2  
  109  14:47  Hatchery, Zergling x12  
  115  15:13  Hydralisk  
  115  15:14  Hydralisk x2  
  117  15:16  Overlord x3  
  117  15:22  Extractor  
  117  15:24  Extractor  
  78  16:19  Hydralisk  
  78  16:20  Hydralisk x8  
  77  16:36  Drone x4  
  77  16:37  Drone x2  
  83  16:40  Hydralisk  
  83  16:41  Queen  
  83  16:46  Spore Crawler x2  
  85  16:47  Spore Crawler  
  84  16:57  Spore Crawler  
  83  17:01  Spore Crawler, Spine Crawler  
  83  17:07  Hydralisk  
  83  17:08  Hydralisk x9  
  101  17:21  Lurker  
  102  17:31  Drone x2  
  102  17:32  Drone x6  
Show
View Real Time Build Order
Export as new Build Order

DansGame Zerg 

Build Orders: Hatch First 

Get SALT Encoding   

  12  0:01  Drone  
  13  0:12  Overlord  
  13  0:17  Drone  
  14  0:31  Drone x2  
  14  0:34  Drone  
  17  0:54  Hatchery  
  17  0:55  Drone  
  17  1:02  Extractor  
  17  1:03  Drone  
  17  1:14  Spawning Pool  
  17  1:18  Drone  
  17  1:21  Drone  
  18  1:28  Drone  
  19  2:01  Queen  
  19  2:02  Zergling x2  
  19  2:04  Overlord  
  19  2:05  Zergling x2  
  19  2:07  Queen  
  25  2:08  Drone  
  26  2:17  Metabolic Boost  
  26  2:19  Drone  
  26  2:20  Drone  
  28  2:29  Drone  
  28  2:30  Drone  
  28  2:36  Drone  
  28  2:37  Extractor  
  29  2:38  Overlord  
  29  2:48  Queen  
  31  2:55  Overlord  
  31  3:08  Lair  
  31  3:09  Drone x2  
  31  3:11  Extractor  
  32  3:16  Baneling Nest  
  31  3:20  Drone  
  31  3:23  Drone  
  33  3:37  Drone x4  
  33  3:38  Drone  
  38  3:45  Drone x2  
  40  3:57  Drone x3  
  43  4:03  Overlord  
  43  4:14  Spawning Pool  
  42  4:18  Spire  
  41  4:28  Overlord  
  41  4:32  Baneling x3  
  41  4:38  Drone x3  
  43  4:39  Spine Crawler  
  43  5:07  Overlord  
  43  5:29  Mutalisk x6  
  43  5:30  Mutalisk  
  43  5:31  Mutalisk  
  59  5:43  Extractor  
  59  5:47  Zerg Flyer Weapons Level 1  
  58  6:03  Mutalisk  
  60  6:20  Mutalisk x2  
  64  6:37  Mutalisk  
  66  7:17  Mutalisk  
  66  7:29  Mutalisk x4  
  63  7:37  Mutalisk  
  63  7:38  Mutalisk  
  67  7:50  Overlord  
  67  7:51  Overlord  
  67  7:53  Zergling x2  
  68  8:00  Overlord  
  68  8:01  Overlord  
  64  8:15  Zergling x8  
  64  8:16  Zergling x2  
  69  8:33  Zergling x2  
  69  8:34  Zergling x4  
  71  8:46  Zergling x4  
  55  9:03  Mutalisk x7  
  65  9:13  Mutalisk  
  62  9:50  Mutalisk x4  
  62  9:51  Mutalisk x2  
  74  9:54  Hatchery, Overlord x2  
  74  9:55  Overlord  
  73  10:02  Overlord  
  73  10:03  Overlord  
  71  10:37  Mutalisk x5  
  77  10:53  Mutalisk x2  
  77  10:55  Overlord x2  
  73  11:14  Mutalisk x2  
  73  11:21  Queen  
  73  11:22  Drone x2  
  77  11:33  Mutalisk x2  
  77  11:55  Mutalisk  
  77  11:56  Mutalisk  
  65  12:23  Mutalisk x3  
  69  12:31  Mutalisk  
  69  12:35  Mutalisk  
  69  12:39  Drone x3  
  69  12:41  Extractor  
  71  12:47  Extractor  
  71  12:48  Mutalisk, Zergling x14  
  71  12:50  Zergling x6  
  82  13:00  Zergling x2  
  83  13:13  Zergling x6  
  61  13:47  Mutalisk x6  
  68  14:01  Mutalisk  
  68  14:04  Drone x2  
  68  14:05  Drone x3  
  73  14:18  Zerg Flyer Weapons Level 2  
  73  14:23  Drone  
  72  14:40  Mutalisk x3  
  72  14:42  Zergling x2  
  72  14:43  Zergling x14  
  72  14:44  Zergling x4  
  88  14:52  Mutalisk x2  
  88  14:54  Zergling x4  
  94  15:14  Zergling x4  
  94  15:15  Zergling x8  
  56  15:45  Mutalisk x5  
  56  15:46  Mutalisk x2  
  55  15:59  Mutalisk  
  39  16:25  Mutalisk x2  
  39  16:27  Zergling x4  
  39  16:28  Zergling x4  
  47  16:55  Hatchery  
  46  17:27  Zergling x6  
  46  17:28  Zergling x12  
  55  17:30  Zergling x10  
  55  17:31  Hatchery  
  51  17:46  Zergling x4  
  51  17:47  Zergling x2  
Tags
 
Add a new tag
Caveats
  • Supply blocks, unpowered buildings, or Contaminate may cause inaccurate times.
  • Supply counts are checked every 10 seconds.